 Dungeon Crawl Stone Soup version 0.28.0-47-ge53b351184 (webtiles) character file.

Game seed: 9473071365238063564

480 Woods the Sneak (level 6, -4/25 HPs)
             Began as a Felid Conjurer on Apr 28, 2022.
             Slain by a hornet (9 damage)
             ... on level 4 of the Dungeon.
             The game lasted 00:10:33 (5493 turns).

Woods the Sneak (Felid Conjurer)                    Turns: 5493, Time: 00:10:34

Health: -4/25      AC:  2    Str:  3    XL:     6   Next: 86%
Magic:  14/14      EV: 18    Int: 22    God:
Gold:   120        SH:  0    Dex: 14    Spells: 9/15 levels left
                                        Lives:  0   Deaths: 1

rFire   . . .      SeeInvis +   (weapon unavailable)
rCold   . . .      Faith    .   (shield unavailable)
rNeg    . . .      Spirit   .   (armour unavailable)
rPois   .          Reflect  .   (helmet unavailable)
rElec   .          Harm     .   (cloak unavailable)
rCorr   .          Rampage  .   (gloves unavailable)
Will    .....                   (boots unavailable)
Stlth   +++.......              (no amulet)
HPRegen 0.08/turn               (no ring)
MPRegen 0.14/turn               (no ring)

@: about to teleport, slowed, slow
A: very small, claws 1, fangs 3, see invisible, speed 1, shaggy fur 2, stealthy
paws, no weapons or thrown items, no armour, multi-lived
a: no special abilities


You were on level 4 of the Dungeon.
You visited 1 branch of the dungeon, and saw 4 of its levels.

You collected 120 gold pieces.

Inventory:

Jewellery
 g - a ring of protection from fire
 i - a ring of poison resistance
Wands
 m - a wand of iceblast (8)
Scrolls
 a - a scroll of summoning {unknown}
 b - a scroll of noise {unknown}
 h - 3 scrolls of identify {unknown}
 j - a scroll of fear {unknown}
 k - a scroll of fog
 l - a scroll of enchant armour {unknown}
Potions
 d - 2 potions of heal wounds {unknown}
 e - a potion of berserk rage {unknown}
 f - a potion of cancellation {unknown}


   Skills:
 + Level 0.8 Fighting
 - Level 5.0 Dodging
 - Level 5.0 Stealth
 - Level 5.0 Spellcasting
 - Level 5.0 Conjurations


You had 9 spell levels left.
You knew the following spells:

 Your Spells              Type           Power      Damage    Failure   Level
a - Magic Dart            Conj           100%       1d8       1%          1
b - Searing Ray           Conj           54%        2d6       1%          2
c - Dazzling Flash        Conj/Hex       32%        N/A       11%         3

Your spell library contained the following spells:

 Spells                   Type           Power      Damage    Failure   Level
 Pain                     Necr           20%        1d5       10%         1
 Ensorcelled Hibernation  Hex/Ice        10%        N/A       16%         2
 Scorch                   Fire           10%        2d6       16%         2
 Spider Form              Tmut/Pois      5%         N/A       30%         3
 Flame Wave               Conj/Fire      16%        2d6       34%         4
 Fulminant Prism          Conj/Hex       8%         3d7       34%         4
 Iskenderun's Mystic Bla  Conj/Tloc      16%        2d5       34%         4
 Anguish                  Hex/Necr       2%         N/A       69%         4
 Agony                    Necr           5%         N/A       95%         5
 Summon Cactus Giant      Summ           2%         N/A       100%        6
 Excruciating Wounds      Necr           Unusable   N/A       N/A         5

Dungeon Overview and Level Annotations

Branches:
Dungeon (4/15)
 Temple: D:4-7

Altars:
Elyvilon


Innate Abilities, Weirdness & Mutations

You have sharp claws.
You have razor-sharp teeth.
You have supernaturally acute eyesight. (SInv)
You cover ground quickly. (Speed+)
You are covered in thick fur. (AC +2)
Your paws help you pounce on unaware monsters.
You are incapable of wielding weapons or throwing items.
You cannot wear armour.
You gain extra lives every three experience levels.


Message History

Aiming: Searing Ray (safe; 1% risk of failure)
Press: ? - help, Shift-Dir - straight line, f - howler monkey
Aim: a howler monkey (wandering, hasn't noticed you, 77% to hit)
The searing ray hits the howler monkey.
The howler monkey is moderately wounded.
The howler monkey howls! (Press . to maintain the ray.)
The searing ray hits the howler monkey!
The howler monkey is severely wounded.
The howler monkey hoots and howls with incredible vigour!
You hear a shout! x2
The searing ray hits the howler monkey!
You kill the howler monkey!
Training target 5.0 for Spellcasting reached!
Your Spellcasting skill increases to level 5!
You need to enable at least one skill for training.
Found a book of Conjurations.
A hornet is nearby!
A hornet is nearby!
A hornet is nearby!
A goblin comes into view. It is wielding a +0 dagger.
Found a stone staircase leading up.
Aiming: Magic Dart (safe; 1% risk of failure)
Press: ? - help, Q - select action, (/) - cycle Shift-Dir - straight line, f - goblin
Aim: a goblin, wielding a +0 dagger (100% to hit)
The magic dart hits the goblin!
You kill the goblin!
The hornet buzzes angrily.
You scratch the hornet but do no damage.
Your bite misses the hornet. The hornet completely misses you.
Casting: Magic Dart (safe; 1% risk of failure)
Confirm with . or Enter, or press ? or * to list all spells.
Okay, then.
As you read the scroll of teleportation, it crumbles to dust.
You feel strangely unstable. The hornet stings you!
You feel yourself slow down. The hornet stings you!
* * * LOW HITPOINT WARNING * * *
You feel as though you will be slow longer.
The hornet stings you!
You die...

#..####.# #.##. ...
#.......#####.... ##.
#######.y............#.
<.........##########.#.
.##.##.### #.#.
#.##.#### #.#(
#.##.g..# #.#.
#.#####.#########.#.
#.y@..).............
###################. ##


You could see a hornet.

Vanquished Creatures
  A necrophage (D:4)
  A phantom (D:4)
  A howler monkey (D:4)
  A hound (D:4)
  An orc priest (D:4)
  An iguana (D:4)
  Natasha (thrice) (D:3)
  A hound zombie (D:4)
  A hound skeleton (D:4)
  Robin (D:2)
  7 gnolls
  4 adders
  A worm (D:3)
  4 orcs
  8 endoplasms
  3 giant cockroaches
  11 goblins
  6 hobgoblins
  3 jackals (D:3)
  8 kobolds
  5 quokkas
  8 ball pythons
  7 bats
  6 frilled lizards
  7 rats
100 creatures vanquished.

Notes
Turn   | Place    | Note
-------+----------+-------------------------------------------
     0 | D:1      | Woods the Felid Conjurer began the quest for the Orb.
     0 | D:1      | Reached XP level 1. HP: 7/7 MP: 4/4
   306 | D:1      | Reached XP level 2. HP: 11/11 MP: 3/6
  1067 | D:1      | Reached XP level 3. HP: 14/14 MP: 3/7
  1263 | D:1      | Found a faded altar of an unknown god.
  1661 | D:2      | Found a white marble altar of Elyvilon.
  1899 | D:2      | Reached XP level 4. HP: 18/18 MP: 2/8
  2070 | D:2      | Noticed Robin
  2127 | D:2      | Killed Robin
  2465 | D:2      | Learned a level 2 spell: Searing Ray
  2469 | D:2      | Learned a level 3 spell: Dazzling Flash
  2761 | D:3      | Noticed Natasha
  2765 | D:3      | Killed Natasha
  2766 | D:3      | Reached XP level 5. HP: 21/21 MP: 5/10
  3347 | D:3      | Noticed Natasha
  3352 | D:3      | Killed Natasha
  3753 | D:3      | Noticed Natasha
  3762 | D:3      | Killed Natasha
  3763 | D:3      | Reached skill level 5 in Stealth
  4217 | D:4      | Noticed a hornet
  4221 | D:4      | Slain by a hornet
  4222 | D:4      | Reached XP level 4. HP: -4/18 MP: 4/9
  4240 | D:4      | Noticed a bullfrog
  4333 | D:4      | Noticed a phantom
  4524 | D:4      | Reached XP level 5. HP: 13/21 MP: 4/11
  4579 | D:4      | Reached skill level 5 in Dodging
  4900 | D:4      | Noticed a necrophage
  4907 | D:4      | Killed a necrophage
  4908 | D:4      | Reached skill level 5 in Conjurations
  4908 | D:4      | Gained mutation: You are covered in thick fur. (AC +2)
                  | [Felid growth]
  4908 | D:4      | Reached XP level 6. HP: 24/24 MP: 3/13
  5419 | D:4      | Reached skill level 5 in Spellcasting
  5493 | D:4      | Slain by a hornet

Illustrated notes

Levels and vault maps discovered:
D:1:      heliophobic_arrival_battle_scene, layout_basic,
          shapermc_ecumenical_altar_mp_highgroup, interstate_on_off
D:2:      layout_basic, basic_altar, hex_medium, uniq_robin
D:3:      layout_basic, minivault_4, minmay_door_square, uniq_natasha
D:4:      layout_loops_ring, minmay_pentangle

Skill      XL: |  1  2  3  4  5  6 |
---------------+-------------------+-----
Stealth        | 3 4 5 |  5.0
Dodging        | 3 4 5 |  5.0
Conjurations   | 4 5 |  5.0
Spellcasting   | 3 4 5 |  5.0
Fighting       | |  0.8

Action                   |  1- 3 |  4- 6 || total
-------------------------+-------+-------++-------
Melee: Unarmed           |       |     6 ||     6
       Bite              |       |     1 ||     1
 Cast: Magic Dart        |    92 |   113 ||   205
       Searing Ray       |       |    23 ||    23
  Use: Scroll            |       |     3 ||     3
Armor: Skin              |     1 |     1 ||     2
Dodge: Dodged            |    13 |    30 ||    43
